 Dungeon Crawl Stone Soup version 0.29.1-4-g47bece8355 (webtiles) character file.

Game seed: 13022548167753649297

365 javelincjr the Conjurer (level 6, 0/32 HPs)
             Began as a Deep Elf Conjurer on Dec 3, 2022.
             Slain by a black bear (2 damage)
             ... on level 4 of the Dungeon.
             The game lasted 00:19:36 (3669 turns).

javelincjr the Conjurer (Deep Elf Conjurer)         Turns: 3669, Time: 00:19:37

Health: 0/32       AC:  4    Str:  4    XL:     6   Next: 40%
Magic:  6/15       EV: 13    Int: 25    God:
Gold:   143        SH:  5    Dex: 13    Spells: 12/15 levels left

rFire   + . .      SeeInvis .   v - +0 hand axe (elec)
rCold   x . .      Faith    .   (no shield)
rNeg    . . .      Spirit   .   a - +0 robe
rPois   +          Reflect  +   (no helmet)
rElec   .          Harm     .   g - +0 cloak
rCorr   .          Rampage  .   u - +0 pair of gloves
Will    .....      Clarity  +   (no boots)
Stlth   ++........              x - amulet of reflection
HPRegen 0.10/turn               c - ring of poison resistance
MPRegen 0.14/turn               o - ring of fire

@: no status effects
A: clarity
a: no special abilities


You were on level 4 of the Dungeon.
You visited 1 branch of the dungeon, and saw 5 of its levels.

You collected 143 gold pieces.

Inventory:

Hand Weapons
 n - a +0 dagger
 v - a +0 hand axe of electrocution (weapon)
Missiles
 t - 4 poisoned darts
Armour
 a - a +0 robe (worn)
 g - a +0 cloak (worn)
 u - a +0 pair of gloves (worn)
Jewellery
 c - a ring of poison resistance (left hand)
 l - a +4 ring of protection
 o - a ring of fire (right hand)
 x - an amulet of reflection (around neck)
Scrolls
 d - 6 scrolls of identify
 e - a scroll of blinking
 h - a scroll of magic mapping {unknown}
 i - a scroll of butterflies {unknown}
 m - a scroll of summoning {unknown}
 p - 2 scrolls of noise
 q - 3 scrolls of enchant weapon {unknown}
Potions
 b - a potion of magic
 f - a potion of ambrosia
 j - 2 potions of cancellation {unknown}
 k - a potion of berserk rage
 r - a potion of might {unknown}
 s - a potion of heal wounds {unknown}
 w - 4 potions of haste {unknown}


   Skills:
 + Level 3.2 Dodging
 + Level 3.9 Stealth
 + Level 0.1 Unarmed Combat
 + Level 5.3 Spellcasting
 + Level 6.8 Conjurations


You had 12 spell levels left.
You knew the following spells:

 Your Spells              Type           Power      Damage    Failure   Level
a - Magic Dart            Conj           100%       1d8       1%          1
b - Searing Ray           Conj           82%        2d7       1%          2

Your spell library contained the following spells:

 Spells                   Type           Power      Damage    Failure   Level
 Dazzling Flash           Conj/Hex       46%        N/A       6%          3
 Blink                    Tloc           12%        N/A       12%         2
 Ensorcelled Hibernation  Hex/Ice        12%        N/A       12%         2
 Passwall                 Tmut/Erth      5%         N/A       12%         2
 Fulminant Prism          Conj/Hex       11%        3d9       19%         4
 Iskenderun's Mystic Bla  Conj/Tloc      23%        2d6       19%         4
 Gell's Gravitas          Tloc           6%         N/A       24%         3
 Swiftness                Air            6%         N/A       24%         3
 Teleport Other           Tloc           6%         N/A       24%         3
 Summon Ice Beast         Ice/Summ       6%         N/A       63%         4
 Manifold Assault         Tloc           6%         N/A       92%         5
 Summon Mana Viper        Hex/Summ       6%         N/A       92%         5
 Dispersal                Tloc           3%         N/A       100%        6
 Monstrous Menagerie      Summ           3%         N/A       100%        7
 Storm Form               Tmut/Air       3%         N/A       100%        7


Dungeon Overview and Level Annotations

Branches:
Dungeon (5/15)
 Temple: D:4-7

Altars:


Innate Abilities, Weirdness & Mutations

You possess an exceptional clarity of mind.


Message History

Aim: a black bear (87% to hit)
The searing ray hits the black bear!
The black bear is heavily wounded. (Press . to maintain the ray.)
The black bear closely misses you. The black bear claws you.
You block the black bear's attack.
The searing ray hits the black bear.
The black bear is severely wounded.
The black bear bites you. The black bear claws you.
The black bear claws you but does no damage.
The searing ray hits the black bear.
The black bear is almost dead.
The black bear goes berserk!
The searing ray misses the black bear.
You finish channelling your searing ray.
The black bear closely misses you. You block the black bear's attack.
The black bear claws you. The black bear bites you. The black bear claws you.
The black bear claws you but does no damage.
The black bear barely misses you. The black bear claws you. x2
* * * LOW HITPOINT WARNING * * *
Casting: Searing Ray (safe; 1% risk of failure)
Confirm with . or Enter, or press ? or * to list all spells.
Aiming: Searing Ray (safe; 1% risk of failure)
Press: ? - help, Shift-Dir - straight line, f/p - black bear
Aim: a black bear (severely wounded, berserk, 87% to hit)
The searing ray hits the black bear.
The black bear is almost dead. (Press . to maintain the ray.)
The black bear bites you.
* * * LOW HITPOINT WARNING * * *
You block the black bear's attack. The black bear claws you.
* * * LOW HITPOINT WARNING * * *
The black bear bites you but does no damage.
The black bear claws you.
* * * LOW HITPOINT WARNING * * *
The black bear claws you but does no damage.
The searing ray hits the black bear.
The black bear is almost dead.
You block the black bear's attack. The black bear claws you.
You die...

#### ...# ##.# #.#
##############+#### #.#
#...........h...... .. #.#
#.#.#.#.#.#@#.#.#. #. #.#
#.#.......#.......# #.
##.###.######################
##
..............+..............
..
..>.........###....##..###.##
#.# ...########.# #....##..#
# # ......# #.###[...##..#
......# #..##....##..#
......# ##..#....##..#


You could see a black bear (berserk).

Vanquished Creatures
  The ghost of tbole the Trooper, an amateur OgMo (D:3)
  An ogre (D:3)
  A scorpion (D:5)
  4 gnolls (D:4)
  An adder (D:2)
  A white imp (D:4)
  2 dart slugs
  7 bats
  4 endoplasms
  4 giant cockroaches
  5 goblins
  9 hobgoblins
  2 quokkas (D:1)
  7 ball pythons
  2 frilled lizards (D:1)
  7 kobolds
  A rat (D:2)
59 creatures vanquished.

Notes
Turn   | Place    | Note
-------+----------+-------------------------------------------
     0 | D:1      | javelincjr the Deep Elf Conjurer began the quest for the
                  | Orb.
     0 | D:1      | Reached XP level 1. HP: 10/10 MP: 6/6
   240 | D:1      | Reached XP level 2. HP: 13/15 MP: 4/8
   496 | D:1      | Reached skill level 5 in Conjurations
   642 | D:1      | Learned a level 2 spell: Searing Ray
   775 | D:1      | Reached XP level 3. HP: 19/19 MP: 3/9
  1481 | D:2      | Found a faded altar of an unknown god.
  1635 | D:3      | Noticed an ogre
  1641 | D:3      | Killed an ogre
  1642 | D:3      | Reached skill level 6 in Conjurations
  1642 | D:3      | Reached XP level 4. HP: 24/24 MP: 2/12
  1642 | D:3      | Reached XP level 5. HP: 28/28 MP: 2/13
  2113 | D:2      | Gained mutation: You occasionally lose the ability to read
                  | scrolls when taking damage. [potion of mutation]
  2113 | D:2      | Gained mutation: You are resistant to electric shocks.
                  | (rElec) [potion of mutation]
  2113 | D:2      | Gained mutation: Your muscles are strong. (Str +4, Int/Dex
                  | -1) [potion of mutation]
  2114 | D:2      | Lost mutation: Your muscles are strong. (Str +4, Int/Dex
                  | -1) [potion of mutation]
  2114 | D:2      | Lost mutation: You are resistant to electric shocks.
                  | (rElec) [potion of mutation]
  2114 | D:2      | Lost mutation: You occasionally lose the ability to read
                  | scrolls when taking damage. [potion of mutation]
  2114 | D:2      | Gained mutation: You possess an exceptional clarity of
                  | mind. [potion of mutation]
  2384 | D:3      | Found a runed translucent door.
  2386 | D:3      | Noticed tbole's ghost (amateur OgMo)
  2396 | D:3      | Killed tbole's ghost
  2876 | D:5      | Entered Level 5 of the Dungeon
  3094 | D:4      | Reached XP level 6. HP: 32/32 MP: 7/15
  3240 | D:5      | Reached skill level 5 in Spellcasting
  3669 | D:4      | Slain by a black bear

Illustrated notes

Levels and vault maps discovered:
D:1:      shiori_arrival_oz, layout_basic, minmay_domino_2
D:2:      layout_loops_ring, shapermc_ecumenical_altar_mp_vishouse,
          hangedman_decor_points
D:3:      layout_basic, ebering_ghost_reflecting_pool
D:4:      layout_basic, hangedman_minor_gate_pass
D:5:      layout_loops_ring, mainiacjoe_overflow_surrounded_room,
          nicolae_tso_swordbearing_angel, mainiacjoe_overflow_swirl

Skill      XL: |  1  2  3  4  5  6 |
---------------+-------------------+-----
Conjurations   | 5 6 |  6.8
Stealth        | 3 |  3.9
Spellcasting   | 4 5 |  5.3
Dodging        | 3 |  3.2
Unarmed Combat | |  0.1

Action                   |  1- 3 |  4- 6 || total
-------------------------+-------+-------++-------
Melee: Unarmed           |     7 |       ||     7
       Dagger            |     2 |       ||     2
       Hand axe          |       |     7 ||     7
 Cast: Magic Dart        |    64 |    31 ||    95
       Searing Ray       |     1 |     8 ||     9
  Use: Potion            |       |     7 ||     7
       Scroll            |       |     5 ||     5
Armor: Robe              |     7 |     4 ||    11
Dodge: Dodged            |    16 |    12 ||    28
Block: Other             |       |     4 ||     4
